 Dungeon Crawl Stone Soup version 0.19-a0-1889-g9c603be (webtiles) character file.

4856 poirepourri the Thaumaturge (level 10, -1/51 (52) HPs)
             Began as a Deep Elf Conjurer on Oct 17, 2016.
             Was a Priest of Vehumet.
             Slain by a wraith (12 damage)
             ... on level 8 of the Dungeon.
             The game lasted 00:17:33 (11567 turns).

poirepourri the Thaumaturge (Deep Elf Conjurer)    Turns: 11567, Time: 00:17:34

HP:   -1/51 (52)    AC:  5    Str:  2    XL:     10   Next: 25%
MP:   25/30         EV: 15    Int: 24    God:    Vehumet [***...]
Gold: 56            SH:  0    Dex: 18    Spells: 7 memorised, 18 levels left

rFire  . . .     SeeInvis .     p - +2 short sword (drain)
rCold  . . .     Gourm    .     a - +2 robe
rNeg   . . .     Faith    .     (no shield)
rPois  .         Spirit   .     (no helmet)
rElec  .         Reflect  .     (no cloak)
rCorr  .         Harm     .     (no gloves)
MR     +....     Clarity  +     n - +0 pair of boots
Stlth  ++........               g - amulet of magic regeneration
                                (no ring)
                                k - ring "Jitutzan" {Str-3 Dex+3}

@: slowed, very slow
A: clarity, evolution 1, subdued magic 1
a: Renounce Religion


You were on level 8 of the Dungeon.
You worshipped Vehumet.
Vehumet was most pleased with you.
You were not hungry.

You visited 2 branches of the dungeon, and saw 9 of its levels.

You collected 496 gold pieces.
You spent 440 gold pieces at shops.

Inventory:

Hand Weapons
 p - a +2 short sword of draining (weapon)
 y - the +5 dagger "Vaum Tame" {vamp, rC+ Str+6, unknown}
   (You found it on level 7 of the Dungeon)

   It inflicts no extra harm, but heals its wielder when it wounds a living foe.
   It affects your strength (+6).
   It protects you from cold.
Armour
 a - a +2 robe (worn)
 n - a +0 pair of boots (worn)
Jewellery
 g - an amulet of magic regeneration (around neck)
 k - the ring "Jitutzan" (left hand) {Str-3 Dex+3}
   (You took it off a wight on level 6 of the Dungeon)

   [ring of strength]

   It affects your strength (-3).
   It affects your dexterity (+3).
 A - an uncursed amulet of guardian spirit
 C - an uncursed amulet of rage {unknown}
 E - the macabre finger necklace {rN+}
   (You found it on level 8 of the Dungeon)

   [amulet of nothing]

   It protects you from negative energy.
Wands
 m - a wand of paralysis (22/24)
 t - a wand of iceblast (3/15)
 x - a wand of flame (32/48)
 B - a wand of slowing (26/48)
Scrolls
 e - 2 scrolls of remove curse
 r - a scroll of teleportation
 D - a scroll of summoning {unknown}
Potions
 c - 4 potions of agility
 d - 3 potions of curing
 f - a potion of might
 h - 3 potions of brilliance
 i - 2 potions of cancellation
 j - 2 potions of mutation
 l - a potion of heal wounds
 o - 2 potions of flight {unknown}
 q - a potion of haste {unknown}
 v - 2 potions of berserk rage
 z - a potion of invisibility {unknown}
 F - a potion of degeneration {unknown}
Books
 b - a book of Conjurations

   Spells                             Type                      Level
   a - Magic Dart                     Conjuration                  1
   b - Searing Ray                    Conjuration                  2
   c - Dazzling Spray                 Conjuration/Hexes            3
   d - Fulminant Prism                Conjuration/Hexes            4
   e - Iskenderun's Mystic Blast      Conjuration                  4
   f - Iskenderun's Battlesphere      Conjuration/Charms           5
 u - Riahitia's Reference Book on Protection and the Oath
   (You found it on level 5 of the Dungeon)

   Spells                             Type                      Level
   a - Corona                         Hexes                        1
   b - Swiftness                      Charms/Air                   2
   c - Inner Flame                    Hexes/Fire                   3
   d - Confuse                        Hexes                        3
   e - Metabolic Englaciation         Hexes/Ice                    5
   f - Deflect Missiles               Charms/Air                   6
Comestibles
 s - a bread ration
 w - a meat ration


   Skills:
 + Level 1.4 Fighting
 + Level 4.3 Dodging
 - Level 2.4 Stealth
 * Level 14.9 Spellcasting
 + Level 10.3 Conjurations


You had 18 spell levels left.
You knew the following spells:

 Your Spells              Type           Power        Failure   Level  Hunger
a - Magic Dart            Conj           ####         1%          1    None
b - Searing Ray           Conj           ######       1%          2    None
c - Dazzling Spray        Conj/Hex       ####..       1%          3    None
d - Fulminant Prism       Conj/Hex       ####......   1%          4    None
e - Iskenderun's Mystic   Conj           ######..     1%          4    None
f - Iskenderun's Battles  Conj/Chrm      ####....     3%          5    ##.....
g - Sting                 Conj/Pois      ####         1%          1    None


Dungeon Overview and Level Annotations

Branches:
Dungeon (8/15)             Temple (1/1) D:5
   Lair: D:8-11

Altars:
Ashenzari
Cheibriados
Dithmenos
Elyvilon
Fedhas
Gozag
Hepliaklqana
Kikubaaqudgha
Makhleb
Nemelex Xobeh
Okawaru
Qazlal
Ru
Sif Muna
Trog
Uskayaw
Vehumet
Xom
Yredelemnul
Zin
The Shining One

Shops:
D:5 *   D:8 *


Innate Abilities, Weirdness & Mutations

You possess an exceptional clarity of mind.
You evolve.
Your spells are a little easier to cast, but a little less powerful.


Message History

You feel as though you will be slow longer.
The wraith hits you!
Casting: Searing Ray
Confirm with . or Enter, or press ? or * to list all spells.
Aiming: Searing Ray
Press: ? - help, Shift-Dir - straight line, f/p - wraith
Aim: a wraith (moderately damaged)
The searing ray misses the wraith.
The wraith closely misses you.
The searing ray hits the wraith.
The wraith is heavily damaged.
The wraith hits you but does no damage. The wraith closely misses you.
The searing ray hits the wraith.
The wraith is severely damaged.
The wraith closely misses you.
The searing ray hits the wraith.
The wraith is severely damaged.
You finish channeling your searing ray.
The wraith hits you!
* * * LOW HITPOINT WARNING * * *
The wraith hits you!
You die...

#_'.'.#
.#######.##
###.### ##)##
#.'.'.# #)÷#
###.###### ###÷#÷
#.'.).#..# #.....
###.####.# #.....
#.†.'.##.# #..∩..
###.####.# #.....
+@W.#..######.....
#.#
#####...........##
#.#.#
####........#
#.#.# #.####.#.##
#.#.# #.# #.##..
#.#.# #.# #.####
#.#.# #.# #..#
#.#.# #.# ##.#
#...# #.# #.#


You could see a wraith.

Vanquished Creatures
  The ghost of Lochraine the Cutter, a novice HuWn of Gozag (D:5)
  A hippogriff (D:7)
  Sigmund (D:2)
  A wraith (D:8)
  Menkaure (D:5)
  A water moccasin (D:6)
  A sky beast (D:7)
  A black bear (D:7)
  An ice beast (D:5)
  3 necrophages
  2 phantoms
  4 centaurs
  3 ogres (D:4)
  3 big kobolds
  Blork the orc (D:5)
  A bullfrog (D:7)
  A scorpion (D:6)
  A water moccasin skeleton (D:3)
  8 killer bees
  7 wights
  3 howler monkeys
  3 crimson imps
  A hound (D:8)
  3 human zombies (D:8)
  A centaur zombie (D:6)
  A gnoll shaman (D:7)
  2 jellies
  2 centaur skeletons
  9 orc wizards
  8 worker ants
  4 hound zombies
  A hound skeleton (D:4)
  3 worker ant zombies (D:6)
  11 gnolls
  A howler monkey zombie (D:6)
  10 adders
  An ooze (D:1)
  4 adder skeletons
  3 worms (D:2)
  6 leopard geckos
  16 orcs
  5 giant cockroaches
  11 goblins
  4 hobgoblins
  16 jackals
  6 quokkas
  7 bats
  4 frilled lizards
  25 kobolds
  A leopard gecko skeleton (D:6)
  A leopard gecko zombie (D:7)
  2 orc zombies (D:8)
  6 rats
224 creatures vanquished.

Notes
Turn   | Place    | Note
-------+----------+-------------------------------------------
     0 | D:1      | poirepourri the Deep Elf Conjurer began the quest for the Orb.
     0 | D:1      | Reached XP level 1. HP: 10/10 MP: 6/6
   197 | D:1      | Reached XP level 2. HP: 15/15 MP: 1/8
   461 | D:1      | Learned a level 2 spell: Searing Ray
   461 | D:1      | Gained mutation: You evolve. [potion of beneficial mutation]
   792 | D:1      | Reached skill level 5 in Conjurations
  1020 | D:1      | Reached XP level 3. HP: 19/19 MP: 2/10
  1451 | D:1      | Learned a level 3 spell: Dazzling Spray
  1913 | D:2      | Reached skill level 4 in Spellcasting
  2241 | D:2      | Noticed Sigmund
  2259 | D:2      | Killed Sigmund
  2259 | D:2      | Reached skill level 5 in Spellcasting
  2259 | D:2      | Reached XP level 4. HP: 8/24 MP: 2/13
  2259 | D:2      | Reached XP level 5. HP: 10/28 MP: 2/15
  2282 | D:1      | Reached skill level 6 in Spellcasting
  2683 | D:2      | Learned a level 4 spell: Fulminant Prism
  2688 | D:2      | Learned a level 4 spell: Iskenderun's Mystic Blast
  2863 | D:2      | Reached XP level 6. HP: 32/32 MP: 9/17
  3088 | D:2      | Gained mutation: You are resistant to electric shocks. (rElec) [evolution]
  3310 | D:3      | Reached skill level 7 in Spellcasting
  4027 | D:4      | Learned a level 5 spell: Iskenderun's Battlesphere
  4264 | D:4      | Reached skill level 8 in Spellcasting
  4264 | D:4      | Reached XP level 7. HP: 36/36 MP: 8/20
  4573 | D:4      | Lost mutation: You are resistant to electric shocks. (rElec) [evolution]
  4690 | D:4      | Reached skill level 9 in Spellcasting
  5078 | D:5      | Entered Level 5 of the Dungeon
  5095 | D:5      | Found a staircase to the Ecumenical Temple.
  5132 | Temple   | Entered the Ecumenical Temple
  5208 | Temple   | Became a worshipper of Vehumet
  5554 | D:5      | Noticed Lochraine's ghost (novice HuWn)
  5568 | D:5      | Killed Lochraine's ghost
  5568 | D:5      | Reached skill level 10 in Spellcasting
  5568 | D:5      | Reached XP level 8. HP: 42/42 MP: 11/24
  5744 | D:5      | Reached skill level 11 in Spellcasting
  5929 | D:5      | Noticed Blork the orc
  5933 | D:5      | Killed Blork the orc
  6001 | D:5      | Noticed Menkaure
  6004 | D:5      | Killed Menkaure
  6791 | D:5      | Identified Riahitia's Reference Book on Protection and the Oath
  6904 | D:5      | Found Ceheelikk's Assorted Antiques.
  6914 | D:5      | Bought a dented golden amulet for 135 gold pieces
  6914 | D:5      | Bought a scroll of teleportation for 81 gold pieces
  7398 | D:6      | Reached XP level 9. HP: 46/46 MP: 19/26
  7417 | D:6      | Reached skill level 12 in Spellcasting
  7850 | D:6      | Reached skill level 1 in Fighting
  8128 | D:6      | Reached * piety under Vehumet
  8128 | D:6      | Offered knowledge of Sting by Vehumet.
  8134 | D:6      | Learned a level 1 spell: Sting
  8150 | D:6      | Gained mutation: You possess an exceptional clarity of mind. [evolution]
  8227 | D:6      | Got a smoking marble ring
  8386 | D:6      | Identified the cursed ring "Jitutzan" {Str-3 Dex+3} (You took it off a wight on level 6 of the Dungeon)
  8803 | D:7      | Reached skill level 13 in Spellcasting
  9475 | D:6      | Offered knowledge of Throw Frost by Vehumet.
  9677 | D:7      | Found a deep blue altar of Sif Muna.
  9696 | D:7      | Reached ** piety under Vehumet
  9696 | D:7      | Reached skill level 14 in Spellcasting
 10075 | D:7      | Reached XP level 10. HP: 52/52 MP: 25/30
 10081 | D:7      | Got a smoking dagger
 10178 | D:7      | Offered knowledge of Static Discharge by Vehumet.
 10450 | D:7      | Gained mutation: Your spells are a little easier to cast, but a little less powerful. [evolution]
 10514 | D:8      | Found Unej's Assorted Antiques.
 10521 | D:8      | Reached skill level 10 in Conjurations
 10704 | D:8      | Bought a twisted citrine amulet for 160 gold pieces
 10704 | D:8      | Bought a scroll of identify for 64 gold pieces
 10956 | D:8      | Reached *** piety under Vehumet
 11244 | D:8      | Found an ancient bone altar of Kikubaaqudgha.
 11567 | D:8      | Slain by a wraith

Vault maps used:
D:1:      minmay_arrival_wavy_path, hangedman_decor_riveting, minmay_tromino_i4
D:2:      minmay_misc_feat_cross, uniq_sigmund
D:3:      first_bread
D:4:      enter_ossuary_1
D:5:      serial_shops, nicolae_shop_overgrown_old_shop, uniq_blork_the_orc,
          uniq_menkaure
D:6:      serial_undead, serial_undead_e, serial_undead_c, serial_undead_d,
          serial_undead_b
D:7:      basic_altar
D:8:      serial_shops, shop, lemuel_mausoleum_altar_kikubaaqudgha
Temple:   roderic_octagonal_lattice_temple

Skill      XL: |  1  2  3  4  5  6  7  8  9 10 |
---------------+-------------------------------+-----
Conjurations   | 5 6 7 8 9 10 | 10.3
Spellcasting   | 5 6 8 10 11 14 | 14.9
Dodging        | 3 4 |  4.3
Fighting       | 1 |  1.4
Stealth        | |  2.4

Action                   |  1- 3 |  4- 6 |  7- 9 | 10-12 || total
-------------------------+-------+-------+-------+-------++-------
Melee: Short sword       |       |       |     3 |       ||     3
 Cast: Magic Dart        |    71 |    87 |   110 |    19 ||   287
       Searing Ray       |     7 |     7 |    54 |    16 ||    84
       Iskenderun's Myst |       |     4 |    34 |    34 ||    72
  Use: Scroll            |     2 |     7 |     7 |     4 ||    20
       Potion            |     4 |       |     5 |       ||     9
  Eat: Fruit             |     2 |       |       |       ||     2
       Bread ration      |     1 |       |       |     1 ||     2
       Meat ration       |       |     1 |     3 |       ||     4
       Pizza             |       |       |     1 |       ||     1
       Beef jerky        |       |       |     1 |       ||     1
Armor: Robe              |       |     3 |    23 |     6 ||    32
Dodge: Dodged            |     4 |    15 |    91 |    26 ||   136
